 Dungeon Crawl Stone Soup version 0.27-a0-1612-gde56a17b89 (webtiles) character file.

Game seed: 5946651163671208361

164 Sweetruy1997 the Caller (level 5, -9/43 HPs)
             Began as a Gnoll Wanderer on July 21, 2021.
             Killed by divine providence
             ... invoked by an orc priest
              (10 damage)
             ... on level 4 of the Dungeon.
             The game lasted 00:11:08 (4012 turns).

Sweetruy1997 the Caller (Gnoll Wanderer)            Turns: 4012, Time: 00:11:10

Health: -9/43      AC:  4    Str: 10    XL:     5   Next: 45%
Magic:  2/12       EV: 11    Int: 21    God:
Gold:   15         SH:  0    Dex: 16    Spells: 2/14 levels left

rFire    . . .     SeeInvis .   g - staff of earth
rCold    . . .     Faith    .   (no shield)
rNeg     . . .     Spirit   .   j - +0 leather armour
rPois    .         Reflect  .   (no helmet)
rElec    .         Harm     .   a - scarf {shadows}
rCorr    .         Rampage  .   i - +0 pair of gloves
Will     .....                  (no boots)
Stlth    ++........             (no amulet)
HPRegen  0.14/turn              d - +6 ring of intelligence
MPRegen  0.13/turn              f - +6 ring of intelligence

@: wereblooded
A: fangs 1, strong nose, distributed training
a: no special abilities


You were on level 4 of the Dungeon.
You visited 1 branch of the dungeon, and saw 4 of its levels.

You collected 115 gold pieces.
You spent 100 gold pieces at shops.

Inventory:

Missiles
 n - 4 javelins
Armour
 a - a scarf of shadows (worn)
 b - a +0 robe
 i - a +0 pair of gloves (worn)
 j - a +0 leather armour (worn)
Magical Staves
 g - a staff of earth (weapon)
Jewellery
 d - a +6 ring of intelligence (left hand)
 f - a +6 ring of intelligence (right hand)
Wands
 p - a wand of flame (27)
Scrolls
 c - 2 scrolls of amnesia
 e - 2 scrolls of identify {unknown}
Potions
 h - a potion of berserk rage {unknown}
 k - a potion of brilliance
 l - a potion of curing
 m - 2 potions of flight
 o - a potion of attraction {unknown}


   Skills:
 + Level 4.8 Fighting
 + Level 1.5 Short Blades
 + Level 3.0 Long Blades
 + Level 1.5 Axes
 + Level 1.5 Maces & Flails
 + Level 1.5 Polearms
 + Level 1.5 Staves
 + Level 1.5 Slings
 + Level 1.5 Bows
 + Level 1.5 Crossbows
 + Level 1.5 Throwing
 + Level 1.5 Armour
 + Level 1.5 Dodging
 + Level 2.8 Stealth
 + Level 1.5 Shields
 + Level 1.5 Unarmed Combat
 + Level 5.2 Spellcasting
 + Level 1.2 Conjurations
 + Level 1.2 Hexes
 + Level 5.5 Summonings
 + Level 1.2 Necromancy
 + Level 1.2 Translocations
 + Level 1.2 Transmutations
 + Level 1.2 Fire Magic
 + Level 1.2 Ice Magic
 + Level 1.2 Air Magic
 + Level 1.2 Earth Magic
 + Level 1.2 Poison Magic
 + Level 1.7 Invocations
 + Level 3.0 Evocations


You had 2 spell levels left.
You knew the following spells:

 Your Spells              Type           Power      Damage    Failure   Level
a - Magic Dart            Conj           40%        1d5       9%          1
c - Blink                 Tloc           N/A        N/A       13%         2
d - Passwall              Tmut/Erth      12%        N/A       13%         2
e - Wereblood             Tmut           10%        N/A       13%         2
f - Mephitic Cloud        Conj/Pois/Air  10%        N/A       26%         3
g - Slow                  Hex            10%        N/A       13%         2

Your spell library contained the following spells:

 Spells                   Type           Power      Damage    Failure   Level
 Call Imp                 Summ           28%        N/A       2%          2
 Conjure Flame            Conj/Fire      10%        6-21      26%         3


Dungeon Overview and Level Annotations

Branches:
Dungeon (4/15)
 Temple: D:4-7

Altars:
Vehumet

Shops:
D:2 :!

Annotations:
D:4 1 runed translucent door, Crazy Yiuf


Innate Abilities, Weirdness & Mutations

You have very sharp teeth.
Your uncanny sense of smell can sniff out nearby items.
Your experience applies equally to all skills.


Message History

The orc hits you with a +0 morningstar!
You hit the orc priest. Your bite misses the orc priest.
The orc priest is severely wounded.
The orc priest hits you with a +0 dagger.
The orc hits you but does no damage.
You barely miss the orc priest.
The orc priest is severely wounded.
An orc priest comes into view. It is wielding a +2 vorpal war axe.
The orc priest barely misses you. The orc barely misses you.
You catch the helpless orc priest completely off-guard!
You hit the orc priest.
The orc priest is almost dead.
An orc comes into view. It is wielding a +3 falchion.
The orc barely misses you.
Your magical contamination has completely faded away.
The orc hits you with a +0 morningstar!
Something hits the orc priest.
The orc priest shouts!
There is an open door here.
The orc priest calls upon Beogh to heal something.
Something hits the orc priest.
You hit the orc.
The orc is heavily wounded.
The orc hits you with a +0 morningstar!
* * * LOW HITPOINT WARNING * * *
You barely miss the orc. Your bite misses the orc.
The orc is heavily wounded.
The orc hits you with a +0 morningstar!
* * * LOW HITPOINT WARNING * * *
The orc misses you.
You hit the orc.
The orc is almost dead.
The orc barely misses you.
Casting: Magic Dart (safe; 9% risk of failure)
Confirm with . or Enter, or press ? or * to list all spells.
Your blood is infused with primal strength.
The orc barely misses you.
The orc priest invokes the aid of Beogh against you.
Beogh smites you!
You die...

.# .### ... ##. ##'##
...# ##...## #.##
##...).## ## #..##
##.......# ##.
##...####o........#
##..
###......@oo........'
....
#........##.........#
##..
#.##..##.###..)....##
##. #....###.#
##.....## #. #.#..#
#.# ##...## #. #...##
#.# #+## #.
#..#####.# #.# #.
#........# #.# #.
##.####### ##.## #.


You could see an orc priest and 2 orcs.

Vanquished Creatures
  Jessica (D:2)
  A howler monkey zombie (D:3)
  7 adders
  A worm (D:2)
  A dart slug (D:2)
  An orc (D:4)
  2 endoplasms
  A giant cockroach (D:2)
  7 goblins
  2 hobgoblins
  8 jackals
  4 quokkas
  5 ball pythons
  5 bats
  A frilled lizard (D:1)
  8 kobolds
  A quokka skeleton (D:4)
  4 rats
60 creatures vanquished.

Vanquished Creatures (collateral kills)
  2 jackals (D:2)
2 creatures vanquished.

Grand Total: 62 creatures vanquished

Notes
Turn   | Place    | Note
-------+----------+-------------------------------------------
     0 | D:1      | Sweetruy1997 the Gnoll Wanderer began the quest for the
                  | Orb.
     0 | D:1      | Sweetruy1997 set off with the following items: a +0
                  | falchion, a +0 robe; and the following spell memorised:
                  | Magic Dart; and the following spells available to memorise:
                  | Call Imp, Blink, Passwall, Slow, Wereblood, Conjure Flame,
                  | Mephitic Cloud
     0 | D:1      | Reached XP level 1. HP: 20/20 MP: 6/6
   236 | D:1      | Reached XP level 2. HP: 26/26 MP: 0/7
   305 | D:1      | Learned a level 2 spell: Call Imp
   308 | D:1      | Learned a level 2 spell: Blink
   311 | D:1      | Learned a level 2 spell: Passwall
   314 | D:1      | Learned a level 2 spell: Wereblood
  1090 | D:1      | Found a faded altar of an unknown god.
  1304 | D:2      | Reached skill level 5 in Spellcasting
  1304 | D:2      | Reached XP level 3. HP: 20/31 MP: 0/9
  1646 | D:2      | Reached skill level 1 in Invocations
  1650 | D:2      | Learned a level 3 spell: Mephitic Cloud
  1714 | D:2      | Found Vuyxkurghej's Book Boutique.
  1935 | D:2      | Reached skill level 1 in Short Blades
  1935 | D:2      | Reached skill level 1 in Axes
  1935 | D:2      | Reached skill level 1 in Maces & Flails
  1935 | D:2      | Reached skill level 1 in Polearms
  1935 | D:2      | Reached skill level 1 in Staves
  1935 | D:2      | Reached skill level 1 in Slings
  1935 | D:2      | Reached skill level 1 in Bows
  1935 | D:2      | Reached skill level 1 in Crossbows
  1935 | D:2      | Reached skill level 1 in Throwing
  1935 | D:2      | Reached skill level 1 in Armour
  1935 | D:2      | Reached skill level 1 in Dodging
  1935 | D:2      | Reached skill level 1 in Shields
  1935 | D:2      | Reached skill level 1 in Unarmed Combat
  2084 | D:2      | Found Wefarphu's Distillery.
  2110 | D:2      | Reached XP level 4. HP: 26/38 MP: 2/11
  2216 | D:2      | Bought a potion of brilliance for 40 gold pieces
  2216 | D:2      | Bought a potion of curing for 30 gold pieces
  2216 | D:2      | Bought a potion of flight for 30 gold pieces
  2633 | D:2      | Noticed Jessica
  2639 | D:2      | Killed Jessica
  2640 | D:2      | Reached skill level 1 in Conjurations
  2640 | D:2      | Reached skill level 1 in Hexes
  2640 | D:2      | Reached skill level 1 in Necromancy
  2640 | D:2      | Reached skill level 1 in Translocations
  2640 | D:2      | Reached skill level 1 in Transmutations
  2640 | D:2      | Reached skill level 1 in Fire Magic
  2640 | D:2      | Reached skill level 1 in Ice Magic
  2640 | D:2      | Reached skill level 1 in Air Magic
  2640 | D:2      | Reached skill level 1 in Earth Magic
  2640 | D:2      | Reached skill level 1 in Poison Magic
  2798 | D:3      | Reached XP level 5. HP: 43/43 MP: 8/12
  2801 | D:3      | Found a radiant altar of Vehumet.
  2806 | D:3      | Learned a level 2 spell: Slow
  3824 | D:4      | Found a runed translucent door.
  3825 | D:4      | Noticed Crazy Yiuf
  4010 | D:4      | HP: 1/43 [orc (10)]
  4012 | D:4      | Killed from afar by an orc priest

Illustrated notes

Levels and vault maps discovered:
D:1:      tarquinn_simple_flora_water_c, layout_basic,
          ebering_ecumenical_altar_petrified, minivault_23, minivault_14
D:2:      layout_loops_ring, serial_shops, shop_fountains,
          nicolae_shop_temple_entry_statues_fountains, uniq_jessica
D:3:      layout_loops_ring, vehumet_altar_wand_db, serial_aquarium,
          aquarium_bridge_long_joined [aquarium_subvault_wall,
          aquarium_subvault_bridge, aquarium_subvault_bridge,
          aquarium_subvault_wall, aquarium_subvault_bridge,
          aquarium_subvault_bridge], aquarium_window_1, aquarium_window_fake,
          aquarium_view_2a, nicolae_underground_beach
D:4:      layout_loops_corners, mainiacjoe_overflow_six_doors_small,
          ebering_ghost_rock_garden, uniq_crazy_yiuf_cottage

Skill      XL: |  1  2  3  4  5 |
---------------+----------------+-----
Spellcasting   | 5 |  5.2
Invocations    | 1 |  1.7
Short Blades   | 1 |  1.5
Axes           | 1 |  1.5
Maces & Flails | 1 |  1.5
Polearms       | 1 |  1.5
Staves         | 1 |  1.5
Slings         | 1 |  1.5
Bows           | 1 |  1.5
Crossbows      | 1 |  1.5
Throwing       | 1 |  1.5
Armour         | 1 |  1.5
Dodging        | 1 |  1.5
Shields        | 1 |  1.5
Unarmed Combat | 1 |  1.5
Conjurations   | 1 |  1.2
Hexes          | 1 |  1.2
Necromancy     | 1 |  1.2
Translocations | 1 |  1.2
Transmutations | 1 |  1.2
Fire Magic     | 1 |  1.2
Ice Magic      | 1 |  1.2
Air Magic      | 1 |  1.2
Earth Magic    | 1 |  1.2
Poison Magic   | 1 |  1.2
Long Blades    | 3 |  3.0
Evocations     | 3 |  3.0
Fighting       | |  4.8
Stealth        | |  2.8
Summonings     | |  5.5

Action                   |  1- 3 |  4- 6 || total
-------------------------+-------+-------++-------
Melee: Falchion          |    12 |       ||    12
       Bite              |     6 |     2 ||     8
       Staff             |    57 |    36 ||    93
 Cast: Magic Dart        |    62 |    51 ||   113
       Call Imp          |     4 |       ||     4
       Wereblood         |     2 |     1 ||     3
       Mephitic Cloud    |     2 |     2 ||     4
       Passwall          |       |     3 ||     3
Evoke: Wand              |       |     2 ||     2
  Use: Scroll            |       |     1 ||     1
 Stab: Sleeping          |     1 |       ||     1
       Confused          |       |     1 ||     1
Armor: Robe              |    21 |       ||    21
       Leather armour    |       |    16 ||    16
Dodge: Dodged            |    52 |    27 ||    79
       Rpst.: Falchion   |     4 |       ||     4

Table legend: (Time is in decaauts)
 A = Elapsed time spent in this place.
 B = Non-inter-level travel time spent in this place.
 C = Inter-level travel time spent in this place.
 D = Time resting spent in this place.
 E = Time spent auto-exploring this place.
 F = Levels seen in this place.
 G = Mean time per level.
                   A        B        C        D        E       F      G
               +--------+--------+--------+--------+--------+-----+--------+
         Total |   4026 |   3964 |     62 |    448 |   3041 |   4 | 1006.5 |
       Dungeon |   4026 |   3964 |     62 |    448 |   3041 |   4 | 1006.5 |
               +--------+--------+--------+--------+--------+-----+--------+

Top non-repeatable levels by time:
     D:2: 1506 daAuts
     D:1: 1287 daAuts
     D:3: 1002 daAuts
     D:4: 230 daAuts
